 Dungeon Crawl Stone Soup version 0.23-a0-650-ga4d50d4d25 (webtiles) character file.

160 Morbidden the Conjurer (level 5, -5/28 HPs)
             Began as a Deep Elf Conjurer on Jan 7, 2019.
             Was an Initiate of Okawaru.
             Slain by a crocodile (16 damage)
             ... in a sewer.
             The game lasted 00:07:02 (1927 turns).

Morbidden the Conjurer (Deep Elf Conjurer)          Turns: 1927, Time: 00:07:03

Health: -5/28      AC:  3    Str:  5    XL:     5   Next: 17%
Magic:  5/13       EV: 13    Int: 21    God:    Okawaru [......]
Gold:   47         SH:  0    Dex: 15    Spells: 9/12 levels left

rFire    . . .     SeeInvis .   p - +2 dagger (venom)
rCold    . . .     Gourm    .   (no shield)
rNeg     . . .     Faith    .   l - +0 robe (curse)
rPois    .         Spirit   .   (no helmet)
rElec    .         Reflect  .   (no cloak)
rCorr    .         Harm     .   e - +0 pair of gloves
MR       .....                  (no boots)
Stlth    +.........             (no amulet)
HPRegen  0.09/turn              (no ring)
MPRegen  0.13/turn              (no ring)

@: very slow
A: no striking features
a: Renounce Religion


You were in a sewer.
You worshipped Okawaru.
Okawaru was noncommittal.
You were not hungry.

You visited 1 branch of the dungeon, and saw 3 of its levels.
You also visited: Sewer.

You collected 47 gold pieces.

Inventory:

Hand Weapons
 p - a +2 dagger of venom (weapon)
Armour
 a - a +0 robe
 e - a +0 pair of gloves (worn)
 l - a cursed +0 robe (worn)
Scrolls
 d - 2 scrolls of remove curse
 f - 2 scrolls of identify {unknown}
 h - a scroll of enchant armour {unknown}
 k - a scroll of random uselessness {unknown}
 m - a scroll of magic mapping {unknown}
 n - a scroll of enchant weapon {unknown}
 q - 2 scrolls of teleportation
Potions
 b - a potion of curing {unknown}
 g - a potion of lignification {unknown}
 i - a potion of flight {unknown}
 j - a potion of degeneration {unknown}
 o - a potion of might {unknown}
Comestibles
 c - 4 rations


   Skills:
 * Level 1.0 Short Blades
 + Level 2.7 Dodging
 - Level 2.5 Stealth
 + Level 0.1 Unarmed Combat
 + Level 4.0 Spellcasting
 + Level 6.0 Conjurations
 * Level 1.7 Invocations


You had 9 spell levels left.
You knew the following spells:

 Your Spells              Type           Power        Failure   Level  Hunger
a - Magic Dart            Conj           ####         1%          1    None
b - Searing Ray           Conj           ####..       1%          2    #......

Your spell library contained the following spells:

 Spells                   Type           Power        Failure   Level  Hunger
 Iskenderun's Mystic Bla  Conj           ####....     10%         4    ####...
 Dazzling Spray           Conj/Hex       ###...       11%         3    ###....
 Force Lance              Conj/Tloc      ###.....     34%         4    ####...
 Fulminant Prism          Conj/Hex       ###.......   34%         4    ####...


Dungeon Overview and Level Annotations

Branches:
Dungeon (3/15)

Altars:
Kikubaaqudgha
Okawaru


Message History

Aim: a crocodile (severely wounded, poisoned)
The magic dart hits the crocodile.
The crocodile is severely wounded.
The crocodile looks more healthy.
You barely miss the crocodile.
The crocodile is severely wounded.
The crocodile misses you.
You hit the crocodile.
The crocodile is poisoned.
The crocodile is severely wounded.
The crocodile barely misses you.
You enter the shallow water.
Moving in this stuff is going to be slow.
The crocodile bites you!!
Ouch! That really hurt!
Unknown command.
You enter the shallow water.
Moving in this stuff is going to be slow.
The crocodile bites you!
Ouch! That really hurt!
You die...

#..##≈# ##.###≈#
######## #...##≈##
###......###
#...#.≈.#
###..≈..≈≈...### $
#.....≈.#
###.≈≈≈≈####.....##.?
#.....≈.###.≈.≈≈###
###.≈.≈.##
#####.≈≈≈..≈≈.≈##
#≈≈....
#...).≈≈###.≈.≈≈###
###...≈.## #(∩.†.≈.#
###.@t≈.####.≈...##≈%
#.∩.#.≈.#
###.≈≈≈.≈....### $
#...##≈##
###......### ######≈#
######## #≈# ###


You could see a crocodile.

Vanquished Creatures
  A phantom (D:2)
  3 adders (D:2)
  A worm (D:3)
  A dart slug (D:2)
  A leopard gecko (D:2)
  3 bats
  6 giant cockroaches
  A goblin (D:2)
  4 hobgoblins (D:1)
  2 jackals (Sewer)
  9 kobolds
  2 quokkas (D:2)
  2 frilled lizards (D:2)
  7 rats
43 creatures vanquished.

Notes
Turn   | Place    | Note
-------+----------+-------------------------------------------
     0 | D:1      | Morbidden the Deep Elf Conjurer began the quest for the
                  | Orb.
     0 | D:1      | Reached XP level 1. HP: 10/10 MP: 6/6
   124 | D:1      | Reached XP level 2. HP: 15/15 MP: 1/8
   214 | D:1      | Reached skill level 5 in Conjurations
   509 | D:2      | Reached XP level 3. HP: 13/19 MP: 2/9
   641 | D:2      | Found an ancient bone altar of Kikubaaqudgha.
   641 | D:2      | Found an iron altar of Okawaru.
   649 | D:2      | Became a worshipper of Warmaster Okawaru
   853 | D:2      | Noticed a phantom
  1372 | D:2      | Reached skill level 1 in Invocations
  1550 | D:2      | Killed a phantom
  1550 | D:2      | Reached skill level 1 in Short Blades
  1550 | D:2      | Reached XP level 4. HP: 13/24 MP: 0/12
  1550 | D:2      | Reached XP level 5. HP: 15/28 MP: 0/13
  1670 | D:3      | Found a glowing drain.
  1678 | D:3      | Reached skill level 6 in Conjurations
  1682 | D:3      | Learned a level 2 spell: Searing Ray
  1706 | Sewer    | Entered a sewer
  1783 | Sewer    | Noticed a crocodile
  1927 | Sewer    | Slain by a crocodile

Vault maps used:
D:1:      dpeg_arrival_more_subterranean_lakeside_camping,
          minmay_worlds_worst_comb
D:2:      gammafunk_temple_overflow_wave
D:3:      marbit_many_paths, chequers_ecumenical_altar_island,
          cheibrodos_sewer_entry_bend
Sewer:    sewer_the_crocodile

Skill      XL: |  1  2  3  4  5 |
---------------+----------------+-----
Conjurations   | 5 6 |  6.0
Invocations    | 1 |  1.7
Short Blades   | 1 |  1.0
Spellcasting   | 4 |  4.0
Dodging        | |  2.7
Stealth        | |  2.5
Unarmed Combat | |  0.1

Action                   |  1- 3 |  4- 6 || total
-------------------------+-------+-------++-------
Melee: Dagger            |     6 |    12 ||    18
       Unarmed           |     6 |       ||     6
 Cast: Magic Dart        |    94 |    14 ||   108
       Searing Ray       |       |     3 ||     3
  Use: Scroll            |     1 |     1 ||     2
 Stab: Sleeping          |     2 |       ||     2
  Eat: Chunk             |     1 |     2 ||     3
Armor: Robe              |     5 |     1 ||     6
Dodge: Dodged            |    10 |    19 ||    29

Table legend:
 A = Non-vault XP
 B = Vault XP
 C = Vault XP percentage of total XP
 D = Non-vault monster count
 E = Vault monster count
 F = Vault count percentage of total count
                 A         B        C        D         E       F
            +---------+---------+-------+---------+---------+-------
      Total |     206 |      23 |  10.0 |      33 |      10 |  23.3
            +---------+---------+-------+---------+---------+-------
        D:1 |      19 |       8 |  29.6 |      12 |       4 |  25.0
        D:2 |     187 |       0 |   0.0 |      21 |       0 |   0.0
        D:3 |       0 |       5 | 100.0 |       0 |       1 | 100.0
      Sewer |       0 |      10 | 100.0 |       0 |       5 | 100.0
            +---------+---------+-------+---------+---------+-------
